Map: Ever Dream LE

Players

Reynor - Winner!

  • Race: Zerg Zerg
  • League: Master
  • Spawn Location: 1:00

MaxPax

  • Race: Protoss Protoss
  • League: Master
  • Spawn Location: 7:00

Event: DreamHack SC2 Masters 2020 Fall

VOD

Have the link to the VOD?

Description

Time

  • Played on: Aug. 27, 2020, 3:22 p.m.
  • Length: 14:38

All games in this series

Show
View Real Time Build Order
Export as new Build Order

Reynor Zerg - Winner!

Build Orders: Pool First, Lurkers 

Get SALT Encoding   

  12  0:00  Drone  
  13  0:12  Overlord  
  13  0:16  Drone  
  14  0:30  Drone x2  
  16  0:37  Extractor  
  15  0:44  Spawning Pool  
  15  0:48  Drone  
  15  0:52  Drone  
  15  0:56  Drone  
  17  1:25  Hatchery  
  16  1:31  Zergling x4  
  18  1:33  Zergling x2  
  19  1:43  Metabolic Boost  
  19  1:45  Zergling x2  
  20  1:54  Queen  
  20  1:57  Extractor  
  20  2:00  Drone  
  24  2:17  Overlord  
  24  2:22  Hatchery  
  23  2:36  Drone  
  24  2:37  Zergling x4  
  26  2:47  Zergling x2  
  26  2:48  Queen  
  29  2:59  Overlord  
  29  3:02  Zergling x2  
  29  3:04  Overlord  
  29  3:15  Hatchery  
  27  3:37  Zergling x4  
  27  3:40  Hatchery  
  27  3:42  Drone x2  
  27  3:45  Zergling x2  
  30  3:49  Drone  
  31  3:57  Spine Crawler, Zergling x2  
  32  4:07  Drone  
  33  4:10  Zergling x2  
  33  4:11  Drone x3  
  35  4:19  Zergling x2  
  35  4:20  Drone  
  36  4:27  Queen  
  36  4:38  Drone  
  36  4:39  Drone  
  36  4:40  Spore Crawler x2  
  36  4:52  Zergling x2  
  33  4:53  Drone x4  
  33  4:58  Spore Crawler  
  33  4:59  Drone  
  37  5:01  Drone  
  37  5:05  Drone  
  39  5:07  Drone  
  39  5:10  Zergling x2  
  39  5:13  Zergling x2  
  43  5:14  Zergling x2  
  43  5:16  Zergling x2  
  43  5:18  Zergling x2  
  43  5:20  Zergling x2  
  46  5:25  Zergling x4  
  48  5:30  Zergling x6  
  48  5:33  Drone  
  52  5:36  Overlord  
  52  5:40  Zergling x2  
  52  5:44  Drone x3  
  52  5:45  Drone  
  50  5:53  Zergling x4  
  50  5:56  Drone x2  
  53  5:59  Queen  
  53  6:03  Drone  
  54  6:06  Zergling x2  
  54  6:07  Drone  
  54  6:11  Drone  
  54  6:14  Drone  
  54  6:17  Drone  
  57  6:24  Drone x2, Spore Crawler  
  58  6:28  Overlord  
  58  6:32  Roach Warren  
  57  6:43  Overlord  
  57  6:47  Drone x4, Extractor  
  57  6:49  Drone x2  
  57  6:51  Drone x2  
  57  6:53  Overlord  
  64  6:57  Drone  
  65  7:03  Queen  
  67  7:13  Roach x5  
  67  7:14  Zergling x4  
  81  7:15  Drone x2  
  81  7:18  Overlord  
  81  7:20  Zergling x2  
  81  7:23  Overlord  
  81  7:31  Overlord  
  81  7:40  Zergling x16  
  81  7:42  Zergling x2  
  79  7:46  Zergling x2  
  79  7:50  Drone x2  
  74  7:52  Drone x2  
  74  7:53  Zergling x2  
  75  8:00  Drone x3  
  75  8:02  Drone  
  75  8:05  Drone x2  
  81  8:11  Lair  
  74  8:14  Drone x2  
  74  8:15  Drone  
  74  8:16  Evolution Chamber  
  74  8:17  Drone x3  
  79  8:23  Extractor  
  79  8:24  Extractor  
  79  8:25  Drone x2, Extractor  
  78  8:27  Drone x2  
  78  8:29  Drone x2  
  78  8:33  Extractor  
  81  8:36  Drone x2  
  81  8:38  Drone  
  84  8:43  Zerg Missile Weapons Level 1  
  84  8:45  Pneumatized Carapace  
  84  8:47  Drone x3  
  87  8:49  Drone x2  
  87  8:51  Drone, Hatchery  
  87  8:55  Overlord  
  88  8:57  Drone x3  
  91  9:04  Spore Crawler  
  91  9:05  Queen  
  91  9:09  Overlord  
  92  9:14  Overseer  
  92  9:16  Hydralisk Den  
  90  9:17  Drone  
  90  9:18  Glial Reconstitution  
  91  9:27  Drone x8  
  91  9:28  Queen, Roach x3  
  107  9:35  Overlord  
  107  9:38  Overlord  
  107  9:47  Hydralisk x2  
  107  9:48  Hydralisk x2  
  111  9:53  Spore Crawler  
  111  9:55  Drone x5  
  111  9:56  Drone x2  
  111  9:59  Hydralisk x3  
  117  10:04  Hydralisk  
  125  10:09  Hydralisk x2, Lurker Den  
  125  10:12  Muscular Augments  
  128  10:17  Drone x4  
  128  10:18  Unknown  
  128  10:20  Drone x3  
  134  10:22  Overlord  
  134  10:24  Overlord  
  134  10:31  Overlord  
  134  10:32  Spore Crawler  
  133  10:45  Roach x9  
  133  10:46  Overlord  
  151  10:53  Roach x5, Zerg Missile Weapons Level 2  
  159  10:57  Overlord x2  
  159  11:00  Overseer  
  159  11:03  Overlord  
  159  11:07  Lurker x3  
  159  11:08  Lurker x3  
  159  11:10  Lurker  
  166  11:15  Hydralisk x3  
  172  11:20  Hydralisk x2  
  176  11:28  Hydralisk x3, Hatchery  
  181  11:33  Hydralisk x3  
  187  11:40  Overlord, Overseer  
  187  11:44  Hydralisk x2  
  191  11:49  Overlord  
  191  11:50  Infestation Pit  
  189  12:00  Hydralisk x2  
  189  12:01  Hydralisk x2, Spore Crawler  
  193  12:03  Grooved Spines  
  192  12:19  Hydralisk x8  
  193  12:25  Drone x2  
  193  12:26  Drone x5  
  193  12:28  Hive  
  190  12:52  Hydralisk x10  
  200  12:58  Extractor  
  200  13:00  Extractor  
  198  13:11  Hydralisk x4  
  200  13:17  Drone x11  
  199  13:20  Hydralisk x2  
  199  13:25  Hydralisk x5  
  195  13:28  Hatchery  
  195  13:31  Drone x3  
  195  13:33  Overseer  
  197  13:36  Evolution Chamber  
  197  13:37  Roach x2, Spine Crawler  
  197  13:39  Spore Crawler  
  198  13:44  Spine Crawler x2  
  198  13:46  Roach x6  
  194  13:49  Roach x3  
  200  14:22  Hatchery  
Show
View Real Time Build Order
Export as new Build Order

MaxPax Protoss 

Build Orders:  

Get SALT Encoding   

  12  0:00  Probe  
  13  0:12  Probe  
  14  0:18  Pylon  
  14  0:24  Probe  
  15  0:36  Probe (Chrono Boost)  
  15  0:40  Gateway  
  16  0:46  Probe (Chrono Boost)  
  17  0:51  Probe (Chrono Boost)  
  17  0:56  Assimilator  
  18  1:03  Probe  
  19  1:15  Probe  
  20  1:24  Gateway  
  20  1:25  Zealot (Chrono Boost)  
  20  1:27  Probe  
  20  1:30  Cybernetics Core  
  23  1:35  Pylon  
  23  1:53  Probe  
  24  2:03  Adept (Chrono Boost)  
  26  2:12  Assimilator  
  26  2:13  Probe, Pylon  
  29  2:18  Adept (Chrono Boost)  
  29  2:27  Adept  
  31  2:38  Cybernetics Core  
  31  2:44  Pylon  
  31  2:48  Pylon  
  31  2:53  Probe  
  32  3:05  Probe  
  33  3:11  Adept  
  33  3:12  Warp Gate  
  32  3:16  Shield Battery  
  32  3:17  Stargate  
  32  3:26  Pylon  
  33  3:40  Adept  
  34  4:11  Oracle (Chrono Boost)  
  38  4:20  Adept x2  
  41  4:24  Gateway  
  39  4:54  Probe  
  39  4:55  Oracle  
  43  5:04  Adept  
  43  5:05  Adept  
  47  5:07  Pylon  
  47  5:20  Nexus  
  47  5:25  Pylon  
  47  5:41  Twilight Council  
  47  5:44  Probe  
  48  5:56  Probe  
  49  5:59  Stalker  
  51  6:08  Probe  
  50  6:12  Resonating Glaives (Chrono Boost)  
  50  6:17  Adept x2  
  52  6:20  Probe  
  53  6:30  Adept  
  53  6:32  Probe x2  
  57  6:40  Adept  
  57  6:42  Adept  
  57  6:44  Probe x2  
  63  6:52  Adept  
  65  6:56  Probe x2  
  67  7:05  Adept  
  67  7:08  Pylon  
  69  7:12  Pylon  
  69  7:15  Probe  
  70  7:25  Pylon  
  70  7:28  Adept  
  73  7:36  Probe  
  73  7:37  Nexus  
  73  7:38  Probe  
  69  7:48  Probe  
  69  7:50  Probe  
  63  8:01  Probe  
  63  8:02  Probe  
  61  8:07  Void Ray (Chrono Boost)  
  51  8:13  Probe  
  51  8:14  Probe  
  51  8:15  Robotics Facility  
  51  8:17  Assimilator  
  51  8:19  Assimilator  
  57  8:22  Sentry x3  
  57  8:25  Probe  
  57  8:26  Probe  
  65  8:37  Probe  
  65  8:38  Dark Shrine, Probe  
  65  8:40  Shield Battery  
  67  8:41  Shield Battery  
  67  8:50  Probe x2 (Chrono Boost)  
  67  8:51  Probe (Chrono Boost)  
  67  8:55  Forge  
  70  8:56  Adept  
  70  8:57  Adept  
  70  9:02  Probe x2 (Chrono Boost)  
  77  9:03  Probe (Chrono Boost)  
  77  9:09  Probe x3 (Chrono Boost)  
  79  9:15  Probe  
  79  9:17  Immortal (Chrono Boost), Probe  
  84  9:20  Adept  
  84  9:22  Probe  
  89  9:26  Pylon  
  89  9:33  Probe  
  89  9:34  Charge  
  90  9:39  Gateway x2  
  90  9:40  Zealot  
  92  9:47  Pylon  
  92  9:49  Zealot  
  94  9:57  Immortal (Chrono Boost)  
  94  9:58  Assimilator  
  98  10:00  Protoss Ground Weapons Level 1 (Chrono Boost)  
  98  10:03  Zealot x2, Assimilator  
  98  10:05  Pylon  
  102  10:14  Gateway  
  102  10:16  Pylon  
  102  10:23  Warp Prism (Chrono Boost)  
  102  10:24  Photon Cannon  
  102  10:25  Zealot  
  108  10:29  Dark Templar x2  
  108  10:35  Archon  
  110  10:40  Dark Templar x2  
  114  10:42  Pylon  
  114  10:45  Archon  
  114  10:54  Zealot, Gateway  
  114  10:56  Gateway  
  112  11:02  Robotics Bay  
  112  11:08  Probe x2  
  112  11:09  Templar Archives  
  112  11:10  Probe  
  112  11:11  Zealot x3  
  121  11:13  Zealot x2  
  121  11:16  Observer  
  126  11:27  Probe  
  126  11:28  Zealot  
  128  11:47  Colossus (Chrono Boost)  
  128  11:48  Nexus  
  128  11:49  Extended Thermal Lance (Chrono Boost)  
  134  11:56  Pylon  
  134  11:57  High Templar  
  134  11:58  High Templar x3  
  134  11:59  Zealot, High Templar x2  
  148  12:03  Archon x3, Photon Cannon, Probe  
  149  12:14  Probe x2  
  123  12:24  Disruptor (Chrono Boost)  
  123  12:29  Zealot x2  
  126  12:30  Zealot x4  
  133  12:46  Zealot x2  
  137  12:56  Disruptor (Chrono Boost), Probe x2  
  137  12:57  Robotics Facility, Probe  
  137  13:01  Zealot x3  
  137  13:05  Zealot x2  
  119  13:12  Zealot  
  119  13:13  Zealot x2  
  119  13:19  Disruptor (Chrono Boost)  
  102  13:30  Zealot x5  
  109  13:35  Robotics Facility  
  109  13:37  Zealot, High Templar x2  
  113  13:42  Archon  
  113  13:47  Observer (Chrono Boost)  
  106  13:55  Zealot x5  
  106  14:00  High Templar x3  
  106  14:01  High Templar  
  112  14:04  Disruptor (Chrono Boost), Oracle (Chrono Boost)  
  112  14:08  Archon x2  
  118  14:10  Nexus  
  118  14:12  Pylon  
  118  14:13  Zealot x4  

Tags
 
Add a new tag
Caveats
  • Supply blocks, unpowered buildings, or Contaminate may cause inaccurate times.
  • Supply counts are checked every 10 seconds.